 Dungeon Sprint DCSS version 0.18-a0-596-g6468885 (webtiles) character file.

46698 xeno23 the Shatterer (level 14, -5/148 HPs)
             Began as a Minotaur Berserker on Dec 4, 2015.
             Was the Champion of Trog.
             Killed from afar by a fire giant (45 damage)
             ... with a bolt of fire
             ... in the Dungeon (Sprint IX: "|||||||||||||||||||||||||||||").
             The game lasted 00:28:22 (3933 turns).

xeno23 the Shatterer (Minotaur Berserker)           Turns: 3933, Time: 00:28:23

Health: -5/148     AC: 28    Str: 28    XL:     14   Next: 5%
Magic:  13/13      EV: 16    Int:  4    God:    Trog [******]
Gold:   1588       SH:  0    Dex: 12    Spells: 0 memorised, 13 levels left

rFire  . . .     SeeInvis .     n - +3 great mace of Conformity {freeze, rN+}
rCold  + . .     Clarity  .     F - +2 plate armour
rNeg   + . .     SustAt   .     (shield currently unavailable)
rPois  +         Gourm    .     (helmet restricted)
rElec  .         Spirit   .     E - +1 cloak {rPois}
rCorr  .         Dismiss  .     o - +1 pair of gloves
rMut   .         NoTele   +     a - +0 pair of boots
MR     +....                    (no amulet)
Stlth  ..........               r - +3 ring of strength
                                t - ring of protection from cold

@: somewhat resistant to hostile enchantments, extremely unstealthy
A: retaliatory headbutt, horns 2
a: Berserk, Trog's Hand, Brothers in Arms, Burn Spellbooks, Renounce Religion


You were in the Dungeon.
You worshipped Trog.
Trog was exalted by your worship.
You were not hungry.

You visited 1 branch You collected 1927 gold pieces.
You spent 339 gold pieces at shops.

Inventory:

Hand Weapons
 b - a +4 arbalest of flaming
 n - the +3 great mace of Conformity (weapon) {freeze, rN+}
   (Trog gifted it to you in the Dungeon)

   It has been specially enchanted to freeze those struck by it, causing extra
   injury to most foes and up to half again as much damage against particularly
   susceptible opponents.
   It can also slow down cold-blooded creatures.
   It protects you from negative energy.
Missiles
 y - 7 javelins of penetration (quivered)
Armour
 a - a +0 pair of boots (worn)
 o - a +1 pair of gloves (worn)
 E - a +1 cloak of poison resistance (worn)
 F - a +2 plate armour (worn)
 H - a +0 shadow dragon armour
Jewellery
 q - a +2 ring of evasion
 r - a +3 ring of strength (right hand)
 t - a ring of protection from cold (left hand)
 D - an uncursed ring of protection from fire
Wands
 m - a wand of fire (7)
Scrolls
 i - a scroll of blinking
 l - 4 scrolls of remove curse
 u - a scroll of recharging
 v - 3 scrolls of identify
 w - 2 scrolls of enchant armour
 B - 2 scrolls of fear
 G - 4 scrolls of enchant weapon
Potions
 d - 8 potions of curing
 e - 2 potions of heal wounds
 f - 3 potions of haste
 g - 4 potions of magic
 h - a potion of berserk rage
 j - a potion of cure mutation
 k - a potion of invisibility
 p - a potion of brilliance
 s - 2 potions of agility
Miscellaneous
 C - a disc of storms
Comestibles
 c - 13 bread rations
 x - 13 meat rations
 z - 38 fruits
 A - 4 chunks of flesh
 I - 3 mutagenic chunks of flesh


   Skills:
 + Level 20.0 Fighting
 * Level 26.2 Maces & Flails
 + Level 19.8 Armour
 + Level 18.4 Dodging


You had 13 spell levels left.
You didn't know any spells.

Dungeon Overview and Level Annotations

Branches:
Dungeon (1/1)

Altars:
Cheibriados
Dithmenos
Elyvilon
Fedhas
Gozag
Kikubaaqudgha
Makhleb
Nemelex Xobeh
Okawaru
Pakellas
Qazlal
Ru
Sif Muna
Trog
Vehumet
Xom
Yredelemnul
Zin
The Shining One
Beogh
Jiyva
Lugonu

Shops:
D }((*


Innate Abilities, Weirdness & Mutations

You reflexively headbutt those who attack you in melee.
You have a pair of horns on your head.


Message History

The great orb of eyes is severely wounded.
You splatter the great orb of eyes into a gooey mess!!!
You freeze the great orb of eyes!
You kill the great orb of eyes!
Trog accepts your kill.
Your Fighting skill increases to level 20!
You see here a battleaxe of freezing.
Things that are here:
an uncursed arbalest; 23 bolts
Things that are here:
3 large rocks; a stone giant corpse A fire giant comes into view.
It is wielding a great sword of flaming.
The fire giant shouts!
The fire giant points at you and mumbles some strange words.
The fireball explodes!
The fireball engulfs you!
* * * LOW HITPOINT WARNING * * *
You take 19 damage.
The fire giant gestures at you while chanting.
The bolt of fire hits you!
You die...

.)))))))).[[[[[.......(.)).)'))).
▓▓▓▓▓▓▓▓▓▓▓▓▓▓▓▓▓▓▓▓▓▓▓▓▓▓▓▓▓▓▓▓▓
................................)
▓▓▓▓▓▓▓▓▓▓▓▓▓▓▓▓▓▓▓▓▓♣♣♣♣♣♣♣♣♣♣▓▓
.†)†)...)÷()(§)......†.)÷)....)'÷
▓▓▓▓▓▓▓▓▓▓▓▓▓▓▓▓▓▓▓▓▓♣♣♣♣♣♣♣♣♣♣▓▓
.................................
▓▓▓▓▓▓▓▓▓▓▓▓▓▓▓▓▓▓▓▓▓▓▓▓▓▓▓▓▓▓▓▓▓
..()))()))(.....@.C...+
▓▓▓▓▓▓▓▓▓▓▓▓▓▓▓▓▓▓▓▓▓▓▓


You could see a fire giant.

Vanquished Creatures
  Mennas (D)
  A fire giant (D)
  A frost giant (D)
  A stone giant (D)
  3 spark wasps (D)
  A great orb of eyes (D)
  A yaktaur captain (D)
  An ogre mage (D)
  An entropy weaver (D)
  Harold (D)
  2 rakshasas (D)
  2 naga warriors (D)
  2 hydras (D)
  A ghost crab (D)
  4 catoblepae (D)
  A merfolk aquamancer (D)
  2 centaur warriors (D)
  A shock serpent (D)
  A tengu warrior (D)
  2 death yaks (D)
  4 orc high priests (D)
  A naga sharpshooter (D)
  An orb spider (D)
  An orc sorcerer (D)
  An ugly thing (D)
  2 orc knights (D)
  A manticore (D)
  A naga mage (D)
  2 sirens (D)
  Joseph (D)
  A black mamba (D)
  2 spiny frogs (D)
  A komodo dragon (D)
  2 yaktaurs (D)
  2 demonic crawlers (D)
  3 merfolk (D)
  A troll (D)
  A jumping spider (D)
  2 snapping turtles (D)
  A slime creature (D)
  3 bog bodies (D)
  2 blink frogs (D)
  3 trapdoor spiders (D)
  A wraith (D)
  A redback (D)
  2 hippogriffs (D)
  Grum (D)
  4 yaks (D)
  A human (shapeshifter) (D)
  A vampire mosquito (D)
  3 water moccasins (D)
  A mottled dragon (D)
  3 wolves (D)
  An eye of draining (shapeshifter) (D)
  10 orc warriors (D)
  2 porcupines (D)
  A centaur (D)
  3 crocodiles (D)
  A giant frog (D)
  A scorpion (D)
  A wight (D)
  12 orc priests (D)
  3 orc wizards (D)
  2 iguanas (D)
  2 river rats (D)
  An adder (D)
  An adder zombie (D)
  An adder simulacrum (D)
  A giant gecko (D)
  5 orcs (D)
  2 ball pythons (D)
  A bat skeleton (D)
  A hobgoblin (D)
  A giant cockroach zombie (D)
  A giant gecko skeleton (D)
  A giant newt (D)
  A jackal (D)
  2 quokka zombies (D)
145 creatures vanquished.

Vanquished Creatures (collateral kills)
  2 frost giants (D)
  A very ugly thing (D)
  A naga warrior (D)
  An orc high priest (D)
  A naga sharpshooter (D)
  A hell knight (D)
  A shock serpent (D)
  A yaktaur (D)
  A spriggan (shapeshifter) (D)
  3 orc priests (D)
13 creatures vanquished.

Vanquished Creatures (others)
  An ice dragon (D)
  A spriggan (D)
  A swamp drake (D)
  A wasp (D)
4 creatures vanquished.

Grand Total: 162 creatures vanquished

Notes
Turn   | Place    | Note
--------------------------------------------------------------
     0 | D        | xeno23 the Minotaur Berserker began the quest for the Orb.
     0 | D        | Reached XP level 1. HP: 19/19 MP: 0/0
     4 | D        | Reached skill level 4 in Fighting
     7 | D        | Reached ** piety under Trog
    24 | D        | Reached *** piety under Trog
    25 | D        | Reached skill level 5 in Maces & Flails
    25 | D        | Reached XP level 2. HP: 22/28 MP: 1/1
   155 | D        | Found a glowing silver altar of Zin.
   155 | D        | Found a glowing golden altar of the Shining One.
   155 | D        | Found an ancient bone altar of Kikubaaqudgha.
   155 | D        | Found a basalt altar of Yredelemnul.
   155 | D        | Found a shimmering altar of Xom.
   155 | D        | Found a radiant altar of Vehumet.
   156 | D        | Found an iron altar of Okawaru.
   157 | D        | Found a burning altar of Makhleb.
   158 | D        | Found a deep blue altar of Sif Muna.
   159 | D        | Found a bloodstained altar of Trog.
   160 | D        | Found a sparkling altar of Nemelex Xobeh.
   161 | D        | Found a white marble altar of Elyvilon.
   162 | D        | Found a roughly hewn altar of Beogh.
   163 | D        | Found a viscous altar of Jiyva.
   164 | D        | Found a corrupted altar of Lugonu.
   165 | D        | Found a blossoming altar of Fedhas.
   166 | D        | Found a snail-covered altar of Cheibriados.
   167 | D        | Found a shadowy altar of Dithmenos.
   168 | D        | Found a stormy altar of Qazlal.
   169 | D        | Found an opulent altar of Gozag.
   170 | D        | Found a sacrificial altar of Ru.
   171 | D        | Found an oddly glowing altar of Pakellas.
   230 | D        | Noticed a yak
   230 | D        | Noticed a giant frog
   230 | D        | Noticed a centaur
   238 | D        | Killed a yak
   238 | D        | Reached **** piety under Trog
   238 | D        | Reached skill level 6 in Fighting
   238 | D        | Reached skill level 8 in Maces & Flails
   238 | D        | Reached skill level 5 in Armour
   238 | D        | Reached skill level 5 in Dodging
   238 | D        | Reached XP level 3. HP: 34/38 MP: 2/2
   238 | D        | Reached XP level 4. HP: 39/45 MP: 3/3
   238 | D        | Reached XP level 5. HP: 44/51 MP: 4/4
   242 | D        | Reached skill level 9 in Maces & Flails
   249 | D        | Killed a centaur
   249 | D        | Reached skill level 10 in Maces & Flails
   249 | D        | Reached XP level 6. HP: 35/61 MP: 5/5
   439 | D        | Noticed a mottled dragon
   439 | D        | Noticed a cyan ugly thing
   441 | D        | Killed a mottled dragon
   441 | D        | Reached ***** piety under Trog
   441 | D        | Reached skill level 11 in Maces & Flails
   451 | D        | Killed a cyan ugly thing
   451 | D        | Reached skill level 12 in Maces & Flails
   451 | D        | Reached XP level 7. HP: 26/71 MP: 6/6
   454 | D        | Reached skill level 10 in Fighting
   454 | D        | Reached skill level 13 in Maces & Flails
   611 | D        | Reached XP level 8. HP: 79/79 MP: 7/7
   613 | D        | Noticed a spiny frog
   620 | D        | Reached skill level 10 in Armour
   626 | D        | Reached skill level 14 in Maces & Flails
   630 | D        | Reached ****** piety under Trog
   634 | D        | Noticed a komodo dragon
   636 | D        | Killed a spiny frog
   636 | D        | Received a gift from Trog
   636 | D        | Reached skill level 10 in Dodging
   650 | D        | Killed a komodo dragon
   650 | D        | Reached skill level 15 in Maces & Flails
   650 | D        | Reached XP level 9. HP: 27/89 MP: 8/8
   914 | D        | Noticed a spiny frog
   917 | D        | Reached skill level 16 in Maces & Flails
   919 | D        | Received a gift from Trog
   927 | D        | Killed a spiny frog
   939 | D        | Got an iridescent great mace {god gift}
   943 | D        | Identified the +3 great mace of Conformity {freeze, rN+} (Trog gifted it to you in the Dungeon)
   979 | D        | Noticed a catoblepas
   979 | D        | Noticed a catoblepas
   979 | D        | Noticed a catoblepas
   979 | D        | Noticed a catoblepas
  1016 | D        | Killed a catoblepas
  1023 | D        | Noticed a death yak
  1023 | D        | Noticed a death yak
  1069 | D        | Killed a catoblepas
  1069 | D        | Reached skill level 17 in Maces & Flails
  1069 | D        | Reached XP level 10. HP: 101/101 MP: 9/9
  1073 | D        | Killed a catoblepas
  1075 | D        | Killed a catoblepas
  1075 | D        | Reached skill level 18 in Maces & Flails
  1079 | D        | Killed a death yak
  1081 | D        | Killed a death yak
  1081 | D        | Received a gift from Trog
  1194 | D        | Noticed Grum
  1199 | D        | Killed Grum
  1202 | D        | Received a gift from Trog
  1286 | D        | Noticed Joseph
  1295 | D        | Killed Joseph
  1295 | D        | Reached skill level 19 in Maces & Flails
  1295 | D        | Reached XP level 11. HP: 111/111 MP: 10/10
  1367 | D        | Received a gift from Trog
  1385 | D        | Received a gift from Trog
  1497 | D        | Received a gift from Trog
  1783 | D        | Found Ycuff's Gadget Emporium.
  1783 | D        | Noticed an orc high priest
  1783 | D        | Noticed an orc high priest
  1785 | D        | Killed an orc high priest
  1785 | D        | Received a gift from Trog
  1785 | D        | Reached skill level 15 in Fighting
  1785 | D        | Reached skill level 20 in Maces & Flails
  1785 | D        | Reached skill level 15 in Armour
  1786 | D        | Noticed an orc high priest
  1791 | D        | Found Gohoa's Weapon Shoppe.
  1799 | D        | Killed an orc high priest
  1800 | D        | Found Xenun's Antique Weapon Emporium.
  1807 | D        | Found Girour's General Store.
  1811 | D        | Killed an orc high priest
  1811 | D        | Received a gift from Trog
  1815 | D        | Noticed an orc high priest
  1821 | D        | Noticed a soul eater
  1827 | D        | Received a gift from Trog
  1830 | D        | Killed an orc high priest
  1865 | D        | Noticed an orc high priest
  1872 | D        | Killed an orc high priest
  1911 | D        | Bought a scroll of fear for 49 gold pieces
  1911 | D        | Bought a bread ration for 70 gold pieces
  1917 | D        | Bought a disc of storms for 220 gold pieces
  2136 | D        | Noticed Harold
  2149 | D        | Killed Harold
  2149 | D        | Received a gift from Trog
  2336 | D        | Noticed a centaur warrior
  2336 | D        | Noticed a rakshasa
  2339 | D        | Killed a centaur warrior
  2339 | D        | Reached skill level 21 in Maces & Flails
  2348 | D        | Noticed an ice dragon
  2352 | D        | Killed a rakshasa
  2352 | D        | Reached XP level 12. HP: 122/122 MP: 11/11
  2353 | D        | Noticed a frost giant
  2354 | D        | Noticed a frost giant
  2366 | D        | Killed an ice dragon
  2369 | D        | Killed a frost giant
  2384 | D        | Killed a frost giant
  2384 | D        | Received a gift from Trog
  2384 | D        | Reached skill level 15 in Dodging
  2393 | D        | Reached skill level 22 in Maces & Flails
  2414 | D        | Noticed a fire giant
  2418 | D        | Noticed a rakshasa
  2423 | D        | Killed a fire giant
  2427 | D        | Killed a rakshasa
  2721 | D        | Noticed Mennas
  2746 | D        | Killed Mennas
  2746 | D        | Received a gift from Trog
  2746 | D        | Reached skill level 23 in Maces & Flails
  2854 | D        | Noticed a spark wasp
  2864 | D        | Reached XP level 13. HP: 104/134 MP: 12/12
  2868 | D        | Received a gift from Trog
  2877 | D        | Killed a spark wasp
  2903 | D        | Reached skill level 24 in Maces & Flails
  2905 | D        | Received a gift from Trog
  2930 | D        | Received a gift from Trog
  2964 | D        | Got a dazzling bardiche {god gift}
  2965 | D        | Identified the +2 bardiche "Xitt" {freeze, *Corrode Dex+6} (Trog gifted it to you in the Dungeon)
  3318 | D        | Received a gift from Trog
  3373 | D        | Received a gift from Trog
  3378 | D        | Reached skill level 25 in Maces & Flails
  3391 | D        | Received a gift from Trog
  3829 | D        | Noticed a spark wasp
  3836 | D        | Noticed a spark wasp
  3839 | D        | Noticed a stone giant
  3843 | D        | Received a gift from Trog
  3844 | D        | Killed a spark wasp
  3845 | D        | Noticed a frost giant
  3857 | D        | Killed a spark wasp
  3858 | D        | Noticed a cyan very ugly thing
  3860 | D        | Killed a stone giant
  3867 | D        | Killed a frost giant
  3867 | D        | Received a gift from Trog
  3874 | D        | Killed a cyan very ugly thing
  3874 | D        | Reached skill level 26 in Maces & Flails
  3875 | D        | Reached XP level 14. HP: 48/147 MP: 10/13
  3891 | D        | Received a gift from Trog
  3919 | D        | Paralysed by a great orb of eyes for 3 turns
  3931 | D        | Noticed a fire giant
  3933 | D        | Killed from afar by a fire giant

Vault maps used:
D:        linesprint

Action                   |  1- 3 |  4- 6 |  7- 9 | 10-12 | 13-15 || total
-------------------------+-------+-------+-------+-------+-------++-------
Melee: Mace              |    15 |       |       |       |       ||    15
       Morningstar       |     7 |    17 |    35 |       |       ||    59
       Great mace        |       |       |    22 |   174 |   121 ||   317
Invok: Berserk           |     2 |     1 |     4 |     9 |     3 ||    19
       Trog's Hand       |       |       |     1 |     1 |     3 ||     5
       Brothers in Arms  |       |       |     1 |     2 |     3 ||     6
  Use: Potion            |       |       |     1 |     2 |       ||     3
       Scroll            |       |       |       |       |     1 ||     1
  Eat: Chunk             |       |     1 |     6 |    15 |     3 ||    25
       Fruit             |       |       |       |       |     2 ||     2
       Bread ration      |       |       |       |       |     1 ||     1
